 Dungeon Crawl Stone Soup version 0.31.0-11-ge490571c62 (webtiles) character file.

Game seed: 343883324338795220

37 Sobieck the Shooter (level 3, 0/18 HPs)
             Began as a Spriggan Hunter on Jan 31, 2024.
             Killed from afar by Sigmund (11 damage)
             ... with a puff of flame
             ... on level 2 of the Dungeon.
             The game lasted 00:01:46 (1023 turns).

Sobieck the Shooter (Spriggan Hunter)               Turns: 1023, Time: 00:01:46

Health: 0/18       AC:  2    Str:  7    XL:     3   Next: 23%
Magic:  4/4        EV: 18    Int: 10    God:
Gold:   77         SH:  0    Dex: 20    Spells: 2/2 levels left

rFire   . . .        a - +0 shortbow
rCold   . . .        (shield currently unavailable)
rNeg    . . .        c - +0 robe
rPois   .            (helmet restricted)
rElec   .            (no cloak)
rCorr   .            (gloves unavailable)
SInv    +            (boots unavailable)
Will    .....        (no amulet)
Stlth   ++           (no ring)
HPRegen 0.23/turn    (no ring)
MPRegen 0.09/turn

%: no passive effects
@: very quick
A: very small, no large weapons, unfitting armour, see invisible, speed 3
a: no special abilities


You were on level 2 of the Dungeon.
You visited 1 branch of the dungeon, and saw 2 of its levels.

You collected 77 gold pieces.

Inventory:

Hand Weapons
 a - a +0 shortbow (weapon)
Armour
 c - a +0 robe (worn)
Magical Staves
 g - a staff of cold
Scrolls
 b - a scroll of butterflies
 d - 3 scrolls of teleportation {unknown}
 e - a scroll of blinking {unknown}
 f - a scroll of identify {unknown}
 h - a scroll of fear {unknown}
Potions
 i - 2 potions of curing {unknown}
 j - a potion of attraction {unknown}


   Skills:
 + Level 2.2 Fighting
 * Level 4.7 Ranged Weapons
 - Level 2.6 Dodging
 - Level 1.5 Stealth


You had 2 spell levels left.
You didn't know any spells.
Your spell library was empty.

Dungeon Overview and Level Annotations

Branches:
Dungeon (2/15)

Altars:

Annotations:
D:2 Sigmund


Innate Abilities, Weirdness & Mutations

You are very small and have problems with some larger weapons.
You are too small for most types of armour.
You have supernaturally acute eyesight. (SInv)
You cover ground extremely quickly. (Speed+++)


Message History

You shoot an arrow. The arrow hits Sigmund!
Sigmund is heavily wounded.
You shoot an arrow. The arrow barely misses Sigmund.
You see here a hobgoblin corpse.
You shoot an arrow. The arrow hits Sigmund.
Sigmund is heavily wounded.
Danger!
You shoot an arrow. The arrow closely misses Sigmund.
You shoot an arrow. The arrow closely misses Sigmund.
Sigmund gestures wildly while chanting.
Sigmund flickers and vanishes for a moment.
You shoot an arrow.
The arrow hits Sigmund but does no damage.
Sigmund is heavily wounded.
You shoot an arrow. The arrow barely misses Sigmund.
Sigmund points at you and mumbles some strange words.
The puff of flame hits you!
Ouch! That really hurt!
* * * LOW HITPOINT WARNING * * *
Sigmund points at you and mumbles some strange words.
You resist with some effort.
You are too injured to fight recklessly!
You are too injured to fight recklessly!
Okay, then.
You start resting.
Sigmund is nearby!
Danger!
Unknown command.
You are too injured to fight recklessly!
Fire: a) +0 shortbow
Press: ? - help, Q - select action Shift-Dir - straight line, f/p - Sigmund
Aim: Sigmund, wielding a +0 scythe and wearing a +1 robe of willpower (heavily wounded, slightly transparent, 62% to hit)
You shoot an arrow. The arrow closely misses Sigmund.
Fire: a) +0 shortbow
Press: ? - help, Q - select action Shift-Dir - straight line, f/p - Sigmund
Aim: Sigmund, wielding a +0 scythe and wearing a +1 robe of willpower (heavily wounded, slightly transparent, 62% to hit)
You shoot an arrow.
The arrow hits Sigmund but does no damage.
Sigmund is heavily wounded.
Sigmund giggles. "Time to reap what you sow."
Fire: a) +0 shortbow
Press: ? - help, Q - select action Shift-Dir - straight line, f/p - Sigmund
Aim: Sigmund, wielding a +0 scythe and wearing a +1 robe of willpower (heavily wounded, slightly transparent, 62% to hit)
You shoot an arrow. The arrow hits Sigmund.
Sigmund is severely wounded.
Sigmund casts a spell at you. The puff of flame hits you!
Ouch! That really hurt!
You die...
Sigmund begins carving another notch in his scythe.

#... # #).# # # #..#
#.## #..# #... ####..#
########### #### <.....#
#.(.......# # ####.#####
#.#†#####.# #
#.....########....## #.#
#
#####........@.....###.#
# #########.......##.# #
#..)..........#<# #
#.####.......##.# #
##....@..#†#######
#.........@......
#................
###.....#########
#.....#


You could see Sigmund (invisible).

Vanquished Creatures
  3 dart slugs (D:1)
  A bat (D:2)
  An endoplasm (D:1)
  4 giant cockroaches
  A goblin (D:1)
  4 hobgoblins
  2 kobolds
  A quokka (D:1)
  7 ball pythons
  3 frilled lizards (D:1)
  2 rats
29 creatures vanquished.

Notes
Turn   | Place    | Note
-------+----------+-------------------------------------------
     0 | D:1      | Sobieck the Spriggan Hunter began the quest for the Orb.
     0 | D:1      | Reached XP level 1. HP: 10/10 MP: 2/2
   199 | D:1      | Reached XP level 2. HP: 11/15 MP: 3/3
   699 | D:1      | Reached XP level 3. HP: 18/18 MP: 4/4
   981 | D:2      | Noticed Sigmund
  1023 | D:2      | Killed from afar by Sigmund

Illustrated notes

Levels and vault maps discovered:
D:1:      dpeg_arrival_arbitrary_a, layout_loops_ring, kennysheep_another_room,
          nicolae_hexahallways
D:2:      layout_loops_ring, uniq_sigmund

Skill      XL: |  1  2 |
---------------+-------+-----
Fighting       | 2 |  2.2
Ranged Weapons | |  4.7
Dodging        | |  2.6
Stealth        | |  1.5

Action                     || total
---------------------------++-------
   Fire: Shortbow          ||    91
 Armour: Robe              ||    11
  Dodge: Dodged            ||    14
